 Dungeon Crawl Stone Soup version 0.32-a0-913-g739538afd8 (webtiles) character file.

Game seed: 15164286882653114804

98 GiantSquids the Chopper (level 4, -5/38 HPs)
             Began as a Mountain Dwarf Fighter on Apr 7, 2024.
             Slain by a goblin
             ... wielding a +2 dagger of protection
             ... led by Robin
              (6 damage)
             ... on level 4 of the Dungeon.
             The game lasted 00:01:46 (1301 turns).

GiantSquids the Chopper (Mountain Dwarf Fighter)    Turns: 1301, Time: 00:01:46

Health: -5/38      AC:  6    Str: 21    XL:     4   Next: 44%
Magic:  4/4        EV:  8    Int:  8    God:
Gold:   66         SH:  4    Dex:  9    Spells: 3/3 levels left

rFire   . . .        a - +0 war axe
rCold   + . .        c - +0 buckler
rNeg    . . .        b - +0 scale mail
rPois   .            (no helmet)
rElec   .            (no cloak)
rCorr   .            (no gloves)
SInv    .            (no boots)
Will    .....        (no amulet) Stlth
                     i - ring of protection from cold
HPRegen 0.26/turn    (no ring)
MPRegen 0.09/turn

%: no passive effects
@: mighty
A: runic magic, artefact enchanting
a: no special abilities


You were on level 4 of the Dungeon.
You visited 1 branch of the dungeon, and saw 3 of its levels.

You collected 66 gold pieces.

Inventory:

Hand Weapons
 a - a +0 war axe (weapon)
Armour
 b - a +0 scale mail (worn)
 c - a +0 buckler (worn)
Jewellery
 i - a ring of protection from cold (left hand)
Scrolls
 f - 3 scrolls of identify {unknown}
Potions
 e - 2 potions of curing {unknown}
 g - a potion of berserk rage {unknown}
 h - a potion of attraction {unknown}


   Skills:
 - Level 3.2 Fighting
 + Level 5.7 Axes
 - Level 3.2 Armour
 - Level 3.2 Shields


You had 3 spell levels left.
You didn't know any spells.
Your spell library was empty.

Dungeon Overview and Level Annotations

Branches:
Dungeon (2/15)

Altars:

Annotations:
D:4 Robin


Innate Abilities, Weirdness & Mutations

Your spellcasting is much less encumbered by armour.
You can use scrolls of enchantment on lesser artefacts.


Message History

You slash the endoplasm!
You kill the endoplasm!
You barely miss the goblin. The goblin hits you but does no damage.
Robin roars a battlecry!
The goblins go into a battle-frenzy!
You closely miss the hobgoblin. You closely miss the goblin.
The hobgoblin hits you. The goblin hits you with a +0 dagger.
You hit the hobgoblin.
The hobgoblin is lightly wounded.
You closely miss the goblin. The hobgoblin barely misses you.
You block the goblin's attack.
You slash the hobgoblin!
You kill the hobgoblin!
You hit the goblin.
You kill the goblin!
The goblin unwields a +0 dagger.
The goblin wields a +0 sling.
The goblin shoots a sling bullet.
The sling bullet hits you. Robin throws the goblin at you!
The goblin barely misses you.
You completely miss the goblin. You hit the goblin but do no damage.
The goblin closely misses you.
Robin roars a battlecry!
The goblin goes into a battle-frenzy!
The goblin hits you with a +2 dagger of protection!
* * * LOW HITPOINT WARNING * * *
The goblin hits you with a +0 dagger.
* * * LOW HITPOINT WARNING * * *
You barely miss the goblin. You closely miss the goblin.
The goblin hits you with a +2 dagger of protection.
* * * LOW HITPOINT WARNING * * *
The goblin barely misses you.
You feel very mighty all of a sudden.
The goblin hits you with a +2 dagger of protection.
* * * LOW HITPOINT WARNING * * *
The goblin hits you with a +0 dagger.
* * * LOW HITPOINT WARNING * * *
You hit the goblin.
You kill the goblin!
You barely miss the goblin.
The goblin hits you with a +2 dagger of protection.
You die...

##.ß...ß.##.....>######
####.....########.......
...##...### #.######
....##'##.# #.##....
..)........# #.##.###
...........# #.##.###
###+###..### #.##.... .
#...ß#g# #.#.....
...#...#@# #.#.....
#....#)# #.....
#(#.#.gg# ###### .
$#.##g#### .#. #....# #.
#......... .. #...J#####
## ......g .......g.


You could see Robin, a hobgoblin (strong) and 2 goblins.

Vanquished Creatures
  An iguana (D:4)
  2 adders (D:2)
  2 dart slugs
  6 bats
  2 endoplasms
  A giant cockroach (D:1)
  9 goblins
  8 hobgoblins
  4 jackals (D:2)
  5 kobolds (D:2)
  5 ball pythons
  A frilled lizard (D:2)
  3 rats (D:1)
49 creatures vanquished.

Notes
Turn   | Place    | Note
-------+----------+-------------------------------------------
     0 | D:1      | GiantSquids the Mountain Dwarf Fighter began the quest for
                  | the Orb.
     0 | D:1      | Reached XP level 1. HP: 19/19 MP: 1/1
     6 | D:1      | Noticed an imperial myrmidon
     6 | D:1      | Noticed a brain worm
     6 | D:1      | Noticed a basilisk
     7 | D:1      | Noticed a stone giant
     7 | D:1      | Noticed a hell rat
   115 | D:1      | Reached skill level 3 in Axes
   124 | D:1      | Reached XP level 2. HP: 23/26 MP: 2/2
   651 | D:1      | Reached skill level 4 in Axes
   803 | D:2      | Reached XP level 3. HP: 27/31 MP: 3/3
  1045 | D:2      | Reached skill level 5 in Axes
  1206 | D:2      | You fall into a shaft and drop 2 floors!
  1277 | D:4      | Noticed Robin
  1288 | D:4      | Reached XP level 4. HP: 30/38 MP: 4/4
  1300 | D:4      | HP: 1/38 [goblin/+0 dagger[Robin] (2)]
  1301 | D:4      | Slain by a goblin

Illustrated notes

Levels and vault maps discovered:
D:1:      onia_arrival_zoo_common, layout_basic, hex_medium,
          supply_closet_lemuel, minmay_hexomino_p4
D:2:      layout_loops_ring, reono_crystal_passage
D:4:      layout_basic, dk_noncrumbling_3, chequers_mini_garden,
          grunt_decor_junction, kennysheep_minor_cross,
          hangedman_decor_opposing, grunt_decor_fettered, minivault_1,
          uniq_robin, uniq_menkaure

Skill      XL: |  1  2  3 |
---------------+----------+-----
Axes           | 3 4 5 |  5.7
Fighting       | |  3.2
Armour         | |  3.2
Shields        | |  3.2

Action                     |  1- 3 |  4- 6 || total
---------------------------+-------+-------++-------
  Melee: War axe           |   141 |    13 ||   154
    Use: Potion            |       |     1 ||     1
 Armour: Scale mail        |   119 |    18 ||   137
  Dodge: Dodged            |    65 |     9 ||    74
  Block: Buckler           |    36 |     1 ||    37

Table legend: (Time is in decaauts)
 A = Elapsed time spent in this place.
 B = Non-inter-level travel time spent in this place.
 C = Inter-level travel time spent in this place.
 D = Time resting spent in this place.
 E = Time spent auto-exploring this place.
 F = Levels seen in this place.
 G = Mean time per level.
                   A        B        C        D        E       F      G
               +--------+--------+--------+--------+--------+-----+--------+
         Total |   1350 |   1309 |     41 |      0 |    997 |   3 |  450.0 |
       Dungeon |   1350 |   1309 |     41 |      0 |    997 |   3 |  450.0 |
               +--------+--------+--------+--------+--------+-----+--------+

Top non-repeatable levels by time:
     D:1: 765 daAuts
     D:2: 485 daAuts
     D:4: 99 daAuts
